 Dungeon Crawl Stone Soup version 0.30-a0-883-g5ad918d77d (webtiles) character file.

Game seed: 1288980151202066168

200254 M4edhros the Black Belt (level 18, -2/128 HPs)
             Began as an Octopode Artificer on Mar 15, 2023.
             Was a High Priest of Cheibriados.
             Slain by an ancient champion
             ... wielding a +2 great mace
              (39 damage)
             ... on level 3 of the Crypt on Mar 16, 2023.
             The game lasted 01:40:15 (13851 turns).

M4edhros the Black Belt (Octopode Artificer)       Turns: 13851, Time: 01:40:15

Health: -2/128     AC:  3    Str: 23    XL:     18   Next: 95%
Magic:  23/31      EV: 30    Int: 28    God:    Cheibriados [*****.]
Gold:   1875       SH: 34    Dex: 36    Spells: 20/36 levels left

rFire   + . .      SeeInvis +      - Unarmed
rCold   . . .      Faith    .    R - +18 shield of the Gong {Loud rN+ Will+ rCorr EV-5}
rNeg    + + +      Spirit   .    (helmet restricted)
rPois   +          Reflect  .    F - amulet of regeneration
rElec   +          Rampage  .    t - ring of resist corrosion
rCorr   +                        v - +5 ring of evasion
Will    ++...                    l - ring of positive energy
Stlth   +++++                    c - ring of see invisible
HPRegen 1.21/turn                P - ring of Satisfaction {rElec rPois rF+ Dex+6 Stlth+}
MPRegen 0.22/turn                S - ring of positive energy
                                 (no ring)
                                 (no ring)

@: very slow
A: almost no armour, amphibious, 8 rings, camouflage 1, gelatinous body 1,
(nimble swimmer 1), tentacles, iridescent scales 1
a: Renounce Religion, Bend Time, Temporal Distortion, Slouch, Step From Time


You were on level 3 of the Crypt.
You worshipped Cheibriados.
Cheibriados was extremely pleased with you.
You visited 5 branches of the dungeon, and saw 27 of its levels.
You visited the Abyss 1 time.

You collected 2483 gold pieces.
You spent 608 gold pieces at shops.

Inventory:

Hand Weapons
 E - the +8 sling of Wuxzic {drain, Contam Str+4}
   (You found it on level 11 of the Dungeon)

   Str:       It affects your strength (+4).
   Contam:    It causes magical contamination when unequipped.
Missiles
 a - 9 poisoned darts
 k - 2 throwing nets
 u - 6 curare-tipped darts (quivered)
Armour
 o - a +0 buckler
 R - the +18 shield of the Gong (worn) {Loud rN+ Will+ rCorr EV-5}
   (You found it on level 3 of the Vaults)

   Loud:      It is deafeningly noisy when blocking attacks.
   EV:        It affects your evasion (-5).
   rN:        It protects you from negative energy.
   rCorr:     It protects you from acid and corrosion.
   Will:      It increases your willpower.
Magical Staves
 G - a staff of air
Jewellery
 c - a ring of see invisible (on tentacle)
 i - an amulet of magic regeneration
 l - a ring of positive energy (on tentacle)
 n - a ring of fire
 t - a ring of resist corrosion (left tentacle)
 v - a +5 ring of evasion (right tentacle)
 x - an amulet of reflection
 F - an amulet of regeneration (around mantle)
 P - the ring of Satisfaction (on tentacle) {rElec rPois rF+ Dex+6 Stlth+}
   (You took it off an ironbound convoker on level 1 of the Vaults)

   [ring of dexterity]

   Dex:       It affects your dexterity (+6).
   rF:        It protects you from fire.
   rElec:     It insulates you from electricity.
   rPois:     It protects you from poison.
   Stlth:     It makes you more stealthy.
 Q - an amulet of faith
 S - a ring of positive energy (on tentacle)
Wands
 b - a wand of flame (6)
 f - a wand of digging (5)
 p - a wand of iceblast (7)
 y - a wand of polymorph (14)
 I - a wand of mindburst (10)
Scrolls
 d - 8 scrolls of identify
 e - 5 scrolls of enchant armour
 j - 3 scrolls of amnesia
 m - a scroll of poison
 q - 4 scrolls of teleportation
 r - 4 scrolls of immolation
 w - 4 scrolls of enchant weapon
 K - 2 scrolls of fear
 M - a scroll of vulnerability
 U - a scroll of silence
Potions
 g - 6 potions of attraction
 h - 2 potions of cancellation
 s - 7 potions of flight
 A - 2 potions of lignification
 B - 2 potions of resistance
 C - 4 potions of brilliance
 D - 2 potions of mutation
 H - 2 potions of might
 L - 3 potions of curing
Miscellaneous
 z - a condenser vane
 N - a phantom mirror
 T - a lightning rod (4/4)


   Skills:
 + Level 13.1 Fighting
 + Level 13.5 Dodging
 - Level 1.3 Stealth
 * Level 10.5 Shields
 - Level 16.1 Unarmed Combat
 + Level 9.6 Spellcasting
 - Level 4.4 Summonings
 - Level 12.4 Transmutations
 - Level 12.5 Earth Magic
 - Level 6.0 Invocations
 - Level 6.0 Evocations


You had 20 spell levels left.
You knew the following spells:

 Your Spells              Type           Power      Damage    Failure   Level
a - Call Canine Familiar  Summ           38%        N/A       4%          3
b - Summon Guardian Gole  Hex/Summ       25%        N/A       11%         3
c - Statue Form           Tmut/Erth      46%        N/A       9%          6
d - Leda's Liquefaction   Hex/Erth       24%        N/A       7%          4

Your spell library contained the following spells:

 Spells                   Type           Power      Damage    Failure   Level
 Summon Small Mammal      Summ           100%       N/A       1%          1
 Lee's Rapid Deconstruct  Erth           35%        3d18*     1%          5
 Stone Arrow              Conj/Erth      96%        3d13      2%          3
 Magic Dart               Conj           52%        1d5       10%         1
 Necrotise                Necr           52%        1d6       10%         1
 Searing Ray              Conj           26%        2d5       14%         2
 Vampiric Draining        Necr           13%        2d6       28%         3
 Vhi's Electric Charge    Tloc/Air       26%        N/A       28%         3
 Fulminant Prism          Conj/Hex       6%         3d7       67%         4
 Manifold Assault         Tloc           13%        N/A       67%         4
 Passage of Golubria      Tloc           13%        N/A       67%         4
 Iron Shot                Conj/Erth      24%        9d5       73%         6
 Agony                    Necr           13%        N/A       95%         5
 Arcjolt                  Conj/Air       6%         1d16      95%         5
 Fireball                 Conj/Fire      6%         3d5       95%         5
 Iskenderun's Battlesphe  Conj           13%        2d7       95%         5
 Silence                  Hex/Air        6%         N/A       95%         5
 Conjure Ball Lightning   Conj/Air       6%         3x3d6     100%        6
 Dispersal                Tloc           6%         N/A       100%        6
 Orb of Destruction       Conj           6%         9d6       100%        7
 Spellforged Servitor     Conj/Summ      12%        N/A       100%        7
 Borgnjor's Revivificati  Necr           6%         N/A       100%        8
 Disjunction              Tloc           6%         N/A       100%        8
 Lehudib's Crystal Spear  Conj/Erth      24%        10d7      100%        8
 Maxwell's Capacitive Co  Air            6%         ∞         100%        8
 Necromutation            Tmut/Necr      24%        N/A       100%        8
 Death's Door             Necr           6%         N/A       100%        9
 Animate Armour           Summ/Erth      Unusable   N/A       N/A         4

Dungeon Overview and Level Annotations

Branches:
Dungeon (14/15)            Temple (0/1) D:6            Lair (5/5) D:9
 Shoals (0/4) Lair:2        Snake (0/4) Lair:3        Slime (0/5) Lair:5
    Orc (2/2) D:11            Elf (0/3) Orc:2        Vaults (3/5) D:14
  Crypt (3/3) Vaults:3
   Tomb: Crypt:3

Altars:
Ashenzari
Cheibriados
Elyvilon
Fedhas
Gozag
Kikubaaqudgha
Makhleb
Sif Muna
Trog
Xom
Yredelemnul
Jiyva

Shops:
D:5 ?   D:7 *   D:10 =?=*   D:11 =   Orc:2 ?[?=   Vaults:2 [

Annotations:
D:10 2 transporters, choppaz's ghost, journeyman GnWr
D:12 1 runed translucent door, Kiciri's ghost, journeyman DjCj
Lair:2 exclusion: oklob plant


Innate Abilities, Weirdness & Mutations

You cannot wear most types of armour.
You are amphibious.
You can wear up to eight rings at the same time.
Your skin changes colour to match your surroundings (Stealth+).
Your rubbery body absorbs attacks. (AC +1, EV +1)
((You are camouflaged when in or above water. (Stealth+)))
You have tentacles for arms and can constrict up to eight enemies at once.
You are partially covered in iridescent scales. (AC +2)


Message History

You constrict the ancient champion, but do no damage.
You block the ancient champion's attack.
BONNNG!
You block the skeletal warrior's attack.
BOUMMMMG!
You batter the ancient champion!!
Your squeeze misses the ancient champion.
The ancient champion is moderately damaged.
You constrict the ancient champion.
You block the ancient champion's attack.
GONNNNG!
You block the ancient champion's attack.
GONNNNG!
You hear a hideous shriek!
You tentacle-slap the ancient champion but do no damage.
The ancient champion is moderately damaged.
You constrict the ancient champion! The skeletal warrior misses you.
You block the skeletal warrior's attack.
GONNNNG!
You block the ancient champion's attack.
BOUMMMMG!
You tentacle-slap the ancient champion but do no damage.
The ancient champion is heavily damaged.
You constrict the ancient champion, but do no damage.
You block the ancient champion's attack.
GONNNNG!
You block the skeletal warrior's attack.
PTOANNNG!
You block the skeletal warrior's attack.
PTOANNNG!
You hear a shout!
You tentacle-slap the ancient champion but do no damage.
The ancient champion is heavily damaged.
You constrict the ancient champion.
You block the ancient champion's attack.
GONNNNG!
A vampire knight comes into view. It is wielding a +0 great sword.
You block the skeletal warrior's attack.
GONNNNG!
The skeletal warrior closely misses you.
The ancient champion hits you with a +2 great mace!!!
You die...

#. #.# #....# #.#####.#
#....# #.....).# #....#
####....)..########....#
.......V)§§............#
.......z.§z§V..........#
####.#########zz.......#
# #.zZ...<..#
#.#@##....# #.#..#....#
#.#..#....# #.#..#....#
#.####....# #.........#
#.........# #.#######.#
# .#


You could see a vampire knight, an ancient champion (fast), 2 skeletal warriors
and a jorogumo zombie.

Vanquished Creatures
  An ancient lich (Crypt:3)
  Josephina (Crypt:2)
  Jory (Crypt:1)
  The ghost of Gexir the Sorcerer, a veteran DjCj of Jiyva (Vaults:1)
  Zenata (Crypt:2)
  Jorgrun (Orc:2)
  A tentacled monstrosity (Vaults:3)
  Rupert (D:12)
  3 ancient champions
  2 sphinxes
  3 revenants
  An orc warlord (Vaults:2)
  4 vault wardens
  A caustic shrike zombie (Crypt:2)
  3 curse skulls
  6 ironbound preservers
  2 ghouls (Crypt:2)
  A reaper (Crypt:2)
  A caustic shrike skeleton (Crypt:1)
  3 vampire knights
  4 ironbound thunderhulks
  4 dire elephants (Vaults:2)
  A deep elf death mage (Crypt:3)
  3 jiangshi (Crypt:2)
  3 eidola
  Snorg (Lair:3)
  2 crystal guardians (Vaults:2)
  4 great orbs of eyes
  An entropy weaver (Vaults:1)
  2 spriggan zombies
  4 yaktaur captains
  Harold (D:11)
  An ettin (Vaults:2)
  A caustic shrike simulacrum (Crypt:2)
  2 vault guards
  An ice dragon (Lair:5)
  Erolcha (D:12)
  A deep elf high priest (Vaults:2)
  2 hydras
  The ghost of Legou the Spear-Bearer, a journeyman GnRe of Sif Muna (Lair:1)
  A peacekeeper (Vaults:2)
  A rakshasa (Abyss:3)
  5 ironbound frosthearts
  4 centaur warriors
  A fenstrider witch skeleton (Crypt:2)
  A deep troll shaman (Crypt:2)
  3 boulder beetles
  2 death knights
  5 two-headed ogres
  A quicksilver ooze zombie (Crypt:2)
  4 vampire magi
  10 orc high priests (Orc:2)
  24 death yaks
  A thrashing horror (Abyss:3)
  Sonja (D:11)
  A shadow wraith (Crypt:2)
  31 skeletal warriors
  22 deep trolls
  4 lindwurms
  2 bog bodies (Crypt:2)
  4 wizards
  4 necromancers
  A bunyip skeleton (Abyss:3)
  3 phantasmal warriors
  6 ironbound convokers
  7 orc knights
  A fenstrider witch simulacrum (Crypt:1)
  A human zombie (Vaults:3)
  3 harpies (Vaults:1)
  A deep elf pyromancer (D:12)
  A tengu skeleton (Vaults:3)
  An orc sorcerer (Orc:2)
  11 ugly things
  A wolf spider (Lair:5)
  2 cyclopes
  20 elephants
  A human skeleton (Vaults:3)
  9 black mambas
  6 torpor snails
  A titan simulacrum (Crypt:2)
  2 large abominations (Abyss:3)
  A guardian serpent (Lair:5)
  9 vault sentinels
  Maggie (D:8)
  9 cane toads
  A rime drake (Lair:5)
  11 komodo dragons
  An iron troll zombie (Crypt:2)
  25 yaktaurs
  A freezing wraith (Crypt:1)
  2 unseen horrors
  2 alligator snapping turtle skeletons
  2 spectral deep trolls (Crypt:2)
  5 trolls
  A black draconian skeleton (Crypt:1)
  A white draconian skeleton (Crypt:2)
  A death drake zombie (Crypt:1)
  4 ancient zymes
  A mana viper zombie (Crypt:1)
  A hydra skeleton (Crypt:1)
  4 tyrant leeches (Lair:5)
  A tarantella zombie (Crypt:2)
  10 hornets (Lair:5)
  A moth of wrath zombie (Crypt:2)
  Prince Ribbit (D:6)
  14 blink frogs
  A fire dragon skeleton (Crypt:1)
  2 raiju (Abyss:3)
  A stone giant simulacrum (Crypt:2)
  A meliai zombie (Crypt:1)
  25 slime creatures
  4 centaur simulacra
  A snapping turtle (Lair:2)
  9 wraiths
  A shadow (D:9)
  10 wyverns
  2 vampires (D:12)
  5 basilisks
  2 golden eyes (Abyss:3)
  25 yaks
  2 redbacks (Lair:5)
  3 steam dragons
  5 vampire mosquitoes
  A chaos spawn (Abyss:3)
  Edmund (D:5)
  13 wargs
  An acid dragon (D:5)
  15 water moccasins
  A hydra simulacrum (Crypt:2)
  A small abomination (Abyss:3)
  16 orc warriors
  A sky beast (D:7)
  A snapping turtle zombie (Crypt:1)
  7 ogres
  5 wolves (Lair:1)
  2 centaurs
  A swamp dragon skeleton (Crypt:1)
  A phantom (D:5)
  A kobold brigand (D:6)
  A rime drake skeleton (Crypt:2)
  Blork the orc (D:6)
  13 bullfrogs
  A necrophage (Crypt:2)
  4 scorpions
  3 wights (D:8)
  A gnoll sergeant (D:8)
  3 killer bees (D:11)
  6 electric eels
  A howler monkey (D:13)
  2 jellies (Lair:5)
  25 orc priests
  3 iguanas
  A sleepcap (D:4)
  Natasha (twice) (D:2)
  17 orc wizards
  6 hell rats (Lair:3)
  A deep dwarf skeleton (Crypt:3)
  8 gnolls
  4 adders
  4 white imps
  A nameless horror (Lair:5)
  2 worms (D:3)
  3 dart slugs
  66 orcs
  6 endoplasms
  4 giant cockroaches
  3 goblins
  10 hobgoblins
  4 jackals (D:2)
  9 kobolds
  5 quokkas
  4 ball pythons
  10 bats
  3 frilled lizards
  A goblin zombie (Crypt:1)
  A kobold skeleton (Crypt:1)
  A quokka zombie (Crypt:2)
  3 rats
  A rat skeleton (Crypt:2)
809 creatures vanquished.

Vanquished Creatures (collateral kills)
  An elephant (D:9)
  A troll (Orc:1)
  3 yaks
  A black bear (D:9)
  An endoplasm (D:2)
  A ball python zombie (Crypt:2)
  A goblin (D:2)
9 creatures vanquished.

Vanquished Creatures (others)
  An elephant (Lair:4)
  A komodo dragon (Lair:5)
  3 yaks
  A centaur (D:9)
  2 jellies (Lair:5)
  A bush (Lair:2)
  52 fungi
  68 plants
129 creatures vanquished.

Grand Total: 947 creatures vanquished

Notes
Turn   | Place    | Note
-------+----------+-------------------------------------------
     0 | D:1      | M4edhros the Octopode Artificer began the quest for the
                  | Orb.
     0 | D:1      | Reached XP level 1. HP: 13/13 MP: 1/1
   115 | D:2      | Noticed Natasha
   120 | D:2      | Killed Natasha
   121 | D:2      | Reached XP level 2. HP: 19/19 MP: 2/2
   121 | D:2      | Reached XP level 3. HP: 24/24 MP: 3/3
   210 | D:2      | Noticed Natasha
   222 | D:2      | Killed Natasha
   223 | D:2      | Reached XP level 4. HP: 13/30 MP: 4/4
   324 | D:4      | Noticed a scorpion
   469 | D:4      | Reached XP level 5. HP: 17/36 MP: 5/5
   632 | D:5      | Entered Level 5 of the Dungeon
   640 | D:5      | Found Vogeuvach's Magic Scroll Shoppe.
   658 | D:5      | Bought a scroll of blinking for 97 gold pieces
   663 | D:5      | Found a transporter.
   683 | D:5      | Noticed an acid dragon
   684 | D:5      | Found a transporter.
   688 | D:5      | Killed an acid dragon
   689 | D:5      | Reached XP level 6. HP: 15/43 MP: 6/6
   799 | D:5      | Reached skill level 5 in Dodging
   853 | D:5      | Reached skill level 5 in Fighting
   853 | D:5      | Reached XP level 7. HP: 50/50 MP: 7/7
  1013 | D:5      | Noticed Edmund
  1028 | D:5      | Killed Edmund
  1113 | D:5      | Found a shimmering altar of Xom.
  1114 | D:5      | Found an opulent altar of Gozag.
  1116 | D:5      | Found a snail-covered altar of Cheibriados.
  1120 | D:5      | Found a shimmering blue altar of Sif Muna.
  1121 | D:5      | Found a broken altar of Ashenzari.
  1126 | D:5      | Became a worshipper of Cheibriados the Contemplative
  1258 | D:3      | Reached XP level 8. HP: 39/57 MP: 8/8
  1550 | D:1      | Reached * piety under Cheibriados
  1969 | D:2      | Reached skill level 1 in Unarmed Combat
  2073 | D:5      | Bought a scroll of teleportation for 39 gold pieces
  2073 | D:5      | Bought a scroll of fear for 52 gold pieces
  2131 | D:5      | Reached ** piety under Cheibriados
  2166 | D:6      | Identified the +0 leather armour of Seczur {rCorr MP+9
                  | Stlth+}
  2230 | D:6      | Reached skill level 2 in Unarmed Combat
  2233 | D:6      | Found a white marble altar of Elyvilon.
  2263 | D:6      | Noticed Prince Ribbit
  2267 | D:6      | Killed Prince Ribbit
  2268 | D:6      | Reached skill level 3 in Unarmed Combat
  2367 | D:6      | Noticed Blork the orc
  2392 | D:6      | Killed Blork the orc
  2436 | D:6      | Found a burning altar of Makhleb.
  2436 | D:6      | Noticed an Executioner
  2527 | D:6      | Reached skill level 4 in Unarmed Combat
  2533 | D:6      | Found a staircase to the Ecumenical Temple.
  2624 | D:7      | Found Vucost's Assorted Antiques.
  2663 | D:7      | Reached XP level 9. HP: 27/64 MP: 9/9
  2832 | D:8      | Reached skill level 5 in Unarmed Combat
  2834 | D:8      | Reached *** piety under Cheibriados
  2850 | D:8      | Noticed Maggie
  2863 | D:8      | Killed Maggie
  2921 | D:8      | Reached skill level 6 in Unarmed Combat
  2943 | D:8      | HP: 1/64 [orc wizard/magic dart (9)]
  3141 | D:8      | Noticed a two-headed ogre
  3153 | D:8      | Killed a two-headed ogre
  3154 | D:8      | Reached skill level 7 in Unarmed Combat
  3154 | D:8      | Reached XP level 10. HP: 72/72 MP: 10/10
  3191 | D:8      | Reached skill level 8 in Unarmed Combat
  3420 | D:9      | Reached **** piety under Cheibriados
  3481 | D:9      | Reached skill level 1 in Invocations
  3493 | D:9      | Reached skill level 1 in Spellcasting
  3601 | D:10     | Entered Level 10 of the Dungeon
  3640 | D:10     | Found Sanott's General Store.
  3642 | D:10     | Found Ughum's Magic Scroll Shoppe.
  3642 | D:10     | Found Zaesoqo's Jewellery Shoppe.
  3647 | D:10     | Found Isapo's Jewellery Shoppe.
  3651 | D:10     | Found a transporter.
  3656 | D:10     | Noticed a kobold demonologist
  3663 | D:10     | Noticed choppaz's ghost (journeyman GnWr)
  3664 | D:10     | Found a transporter.
  3664 | D:10     | Noticed a boulder beetle
  3699 | D:10     | Noticed a cyclops
  3709 | D:10     | Killed a cyclops
  3762 | D:10     | Reached skill level 9 in Unarmed Combat
  3953 | D:9      | Reached XP level 11. HP: 80/80 MP: 14/14
  3954 | D:9      | Found a staircase to the Lair.
  4193 | D:11     | Noticed a two-headed ogre
  4193 | D:11     | Noticed a boulder beetle
  4201 | D:11     | Killed a boulder beetle
  4202 | D:11     | Reached skill level 5 in Evocations
  4220 | D:11     | Killed a two-headed ogre
  4286 | D:11     | Found Kaekhlou's Jewellery Shop.
  4293 | D:11     | Noticed Harold
  4300 | D:11     | Reached ***** piety under Cheibriados
  4308 | D:11     | Killed Harold
  4309 | D:11     | Reached skill level 10 in Unarmed Combat
  4324 | D:11     | Noticed a cyclops
  4386 | D:11     | Killed a cyclops
  4522 | D:11     | Noticed Sonja
  4531 | D:11     | Killed Sonja
  4567 | D:11     | Identified the +8 sling of Wuxzic {drain, Contam Str+4}
  4591 | D:11     | Noticed a purple ugly thing
  4598 | D:11     | Killed a purple ugly thing
  4599 | D:11     | Reached skill level 10 in Dodging
  4599 | D:11     | Reached skill level 5 in Invocations
  4665 | D:11     | Bought an amulet of regeneration for 420 gold pieces
  4708 | D:12     | Noticed a boulder beetle
  4738 | D:12     | Noticed Erolcha
  4746 | D:12     | Gained mutation: You are partially covered in iridescent
                  | scales. (AC +2) [potion of mutation]
  4750 | Abyss:2  | Cast into level 2 of the Abyss (Erolcha)
  4927 | Abyss:3  | Noticed a large abomination
  4960 | Abyss:3  | Reached skill level 5 in Spellcasting
  4960 | Abyss:3  | Reached XP level 12. HP: 67/85 MP: 8/20
  4960 | Abyss:3  | Noticed a starcursed mass
  5077 | Abyss:3  | Noticed a tentacled starspawn
  5096 | Abyss:3  | Noticed a rakshasa
  5098 | Abyss:3  | Noticed a thrashing horror
  5116 | Abyss:3  | Killed a rakshasa
  5134 | Abyss:3  | Killed a thrashing horror
  5135 | Abyss:3  | Reached skill level 11 in Unarmed Combat
  5146 | D:12     | Escaped the Abyss
  5154 | D:12     | Killed Erolcha
  5157 | D:12     | Noticed Rupert
  5363 | D:12     | Found a runed translucent door.
  5363 | D:12     | Noticed Kiciri's ghost (journeyman DjCj)
  5386 | D:12     | Killed a boulder beetle
  5410 | D:12     | Noticed a two-headed ogre
  5418 | D:12     | Killed a two-headed ogre
  5419 | D:12     | Reached skill level 12 in Unarmed Combat
  5527 | D:13     | Noticed an ice dragon
  5531 | D:13     | Found the +4 skin of Zhor {*Englaciate rC+++ SInv}
  5777 | D:12     | Killed Rupert
  5833 | D:12     | Reached skill level 13 in Unarmed Combat
  5938 | D:11     | Found a staircase to the Orcish Mines.
  5958 | Orc:1    | Entered Level 1 of the Orcish Mines
  6147 | Orc:2    | Entered Level 2 of the Orcish Mines
  6158 | Orc:2    | Noticed Jorgrun
  6173 | Orc:2    | Killed Jorgrun
  6174 | Orc:2    | Reached XP level 13. HP: 66/90 MP: 22/22
  6183 | Orc:2    | Reached skill level 14 in Unarmed Combat
  6686 | Orc:2    | Found Ykkaex's Magic Scroll Boutique.
  6686 | Orc:2    | Found Woall's Armour Emporium.
  6691 | Orc:2    | Reached skill level 15 in Unarmed Combat
  6862 | Orc:2    | Found Waiw's Magic Scroll Boutique.
  6862 | Orc:2    | Found Fougoarr's Jewellery Emporium.
  6868 | Orc:2    | Reached skill level 16 in Unarmed Combat
  6962 | Orc:2    | Found a staircase to the Elven Halls.
  6964 | Orc:2    | Found a bloodstained altar of Trog.
  7039 | Orc:2    | Found a bloodstained altar of Trog.
  7247 | Lair:1   | Entered Level 1 of the Lair of Beasts
  7280 | Lair:1   | Found a large runed translucent door.
  7280 | Lair:1   | Found a large runed translucent door.
  7281 | Lair:1   | Noticed Legou's ghost (journeyman GnRe)
  7515 | Lair:1   | Identified the +5 robe "Ifeufom" {Int+2}
  7567 | Lair:2   | Reached skill level 1 in Shields
  7697 | Lair:2   | Found a blossoming altar of Fedhas.
  7878 | Lair:2   | Reached skill level 10 in Fighting
  7878 | Lair:2   | Reached XP level 14. HP: 98/99 MP: 23/23
  8007 | Lair:2   | Found a staircase to the Shoals.
  8107 | Lair:3   | Learned a level 3 spell: Call Canine Familiar
  8111 | Lair:3   | Learned a level 3 spell: Summon Guardian Golem
  8137 | Lair:3   | Reached skill level 1 in Summonings
  8188 | Lair:3   | Reached skill level 5 in Shields
  8212 | Lair:3   | Noticed Snorg
  8238 | Lair:3   | Killed Snorg
  8343 | Lair:3   | Found a staircase to the Snake Pit.
  8431 | Lair:3   | Learned a level 6 spell: Statue Form
  8592 | Lair:4   | Reached skill level 1 in Earth Magic
  8602 | Lair:5   | Entered Level 5 of the Lair of Beasts
  8609 | Lair:5   | Reached skill level 1 in Transmutations
  8755 | Lair:5   | Found a staircase to the Slime Pits.
  8755 | Lair:5   | Found a viscous altar of Jiyva.
  8886 | Lair:4   | HP: 1/99 [themself (35)]
  9212 | Lair:5   | Reached XP level 15. HP: 105/105 MP: 24/24
  9232 | Lair:5   | Reached skill level 5 in Transmutations
  9232 | Lair:5   | Reached skill level 5 in Earth Magic
  9679 | Lair:5   | Found a runed translucent door.
 10155 | Lair:1   | Killed Legou's ghost
 10646 | D:14     | Found a gate to the Vaults.
 10656 | Vaults:1 | Entered Level 1 of the Vaults
 10656 | Vaults:1 | Noticed a vault warden
 10659 | Vaults:1 | Killed a vault warden
 10706 | Vaults:1 | Reached XP level 16. HP: 67/110 MP: 0/25
 10877 | Vaults:1 | Reached skill level 10 in Transmutations
 10877 | Vaults:1 | Reached skill level 10 in Earth Magic
 11114 | Vaults:1 | Identified the ring of Satisfaction {rElec rPois rF+ Dex+6
                  | Stlth+}
 11283 | Vaults:1 | Found a large runed translucent door.
 11283 | Vaults:1 | Found a large runed translucent door.
 11284 | Vaults:1 | Noticed Gexir's ghost (veteran DjCj)
 11299 | Vaults:1 | Killed Gexir's ghost
 11483 | Vaults:2 | Learned a level 4 spell: Leda's Liquefaction
 11720 | Vaults:2 | Found Reheaffy's Armour Shoppe.
 11722 | Vaults:2 | Noticed a sphinx
 11730 | Vaults:2 | Killed a sphinx
 11800 | Vaults:2 | Reached XP level 17. HP: 110/116 MP: 18/26
 12348 | Vaults:3 | Noticed a tentacled monstrosity
 12364 | Vaults:3 | Killed a tentacled monstrosity
 12369 | Vaults:3 | Noticed a sphinx
 12389 | Vaults:3 | Killed a sphinx
 12457 | Vaults:3 | Found the +18 shield of the Gong {Loud rN+ Will+ rCorr
                  | EV-5}
 12860 | Vaults:3 | Found a staircase to the Crypt.
 12860 | Vaults:3 | Found an ancient bone altar of Kikubaaqudgha.
 12861 | Vaults:3 | Found a basalt altar of Yredelemnul.
 12870 | Crypt:1  | Entered Level 1 of the Crypt
 13018 | Crypt:1  | Reached XP level 18. HP: 109/126 MP: 24/30
 13120 | Crypt:1  | Identified the +1 leather armour of Fortification {MP+9}
 13201 | Crypt:1  | Noticed Jory
 13214 | Crypt:1  | Killed Jory
 13419 | Crypt:2  | Reached ****** piety under Cheibriados
 13421 | Crypt:2  | Identified the ring "Vaiqify" {Ice Drain +Blink rPois}
 13421 | Crypt:2  | Noticed Josephina
 13429 | Crypt:2  | Killed Josephina
 13498 | Crypt:2  | Noticed Zenata
 13509 | Crypt:2  | Killed Zenata
 13655 | Crypt:2  | Reached skill level 10 in Shields
 13759 | Crypt:3  | Entered Level 3 of the Crypt
 13797 | Crypt:3  | Noticed an ancient lich
 13805 | Crypt:3  | Killed an ancient lich
 13818 | Crypt:3  | HP: 4/166 [skeletal warrior/+0 glaive[an ancient champion]
                  | (10)]
 13851 | Crypt:3  | Slain by an ancient champion

Illustrated notes

Levels and vault maps discovered:
D:1:      dpeg_arrival_pond, layout_basic, serial_bayou, serial_bayou_shore_a,
          serial_bayou_lagoon_b, serial_bayou_crossing, serial_bayou_pond_e,
          minmay_statues_item
D:2:      layout_basic, uniq_natasha
D:3:      layout_rooms, shapermc_ecumenical_altar_hornbeckon, serial_shops,
          nicolae_shop_advertising_works [nicolae_subvault_shop_adworks]
D:4:      layout_basic
D:5:      gammafunk_steamed_eel, layout_loops_ring, grunt_temple_overflow_open,
          serial_shops, nicolae_diamond_shop, uniq_edmund
D:6:      layout_loops_corners, makhleb_altar_promises_db,
          mainiacjoe_overflow_alcove_2, minmay_temple_entry_mini_moons,
          uniq_blork_the_orc, uniq_prince_ribbit1
D:7:      layout_basic, serial_shops, shop
D:8:      minmay_inner_zag, layout_basic, hex_medium, uniq_maggie
D:9:      layout_basic, david_lair_generic, minmay_fountain_box,
          grunt_decor_fettered
D:10:     layout_rooms, gammafunk_ghost_arena, minmay_shop_grid_forest,
          minivault_1
D:11:     layout_loops_ring, orc_0_dummy, nicolae_inconvenience_store,
          reono_crystal_passage, uniq_harold, uniq_sonja
D:12:     layout_gridville, gammafunk_ghost_grave, serial_bayou_pond_e,
          uniq_erolcha, uniq_rupert
D:13:     layout_cave_pods, portal_ice_cave_entry_imps, minivault_26,
          hellmonk_guarded_unrand_zhor, uniq_lodul
D:14:     layout_gridville, david_vaults_4, patterned_corridor,
          kennysheep_potato
Lair:1:   layout_roguey, ebering_ghost_disaster_area, minmay_holes
Lair:2:   layout_loops_ring, minmay_shoals_entry_hut, tgw_fedhas
Lair:3:   layout_long_grid, dummy_snake_entry, uniq_snorg
Lair:4:   layout_cave_pods, basic_altar, lemuel_fruit_tree
Lair:5:   wormcave, layout_regular_city, hangedman_lair_tendril_chambers,
          nicolae_slime_entry_slimehenge
Orc:1:    layout_caves, basic_altar, nooodl_orcs_dogs
Orc:2:    st_orc_town, layout_diamond_mine, basic_altar, lemuel_statue_altar,
          uniq_jorgrun
Vaults:1: ebering_ghost_disaster_area, nicolae_vaults_big_angled_halls,
          v_misc_25, nicolae_vaults_mini_display_case, vaults_room_large_hall,
          v_alt_pattern_5, v_alt_pattern_6, vaults_room_stairs_pillars,
          vaults_standard_mumra_enter_the_diamond, ontoclasm_vaults_ring_large,
          hangedman_vaults_impose, v_pattern_4, nicolae_vaults_three_branches,
          nicolae_vaults_circle_grid_b, ontoclasm_vaults_pinch,
          layout_vaults_omnibox
Vaults:2: vaults_dpeg_cross, vaults_room_fancy_cross, vaults_room_pool,
          st_lattice, v_misc_25, ontoclasm_vaults_eye, layout_vaults_omnigrid,
          serial_shops, nicolae_shop_window_shopping
Vaults:3: ontoclasm_vaults_ligature, v_alt_pattern_4,
          minmay_crypt_entry_necro_gods, hangedman_vaults_locks,
          vaults_room_pools, hellmonk_guarded_unrand_gong, v_misc_13,
          ontoclasm_vaults_ring_square, v_alt_pattern_6,
          nicolae_vaults_big_angled_halls, ontoclasm_vaults_gateway,
          hangedman_vaults_pinch, hangedman_vaults_trim, layout_vaults_big_cross
Crypt:1:  layout_misc_corridors, grunt_crypt_arrival_split, grunt_megastairs_4,
          uniq_jory
Crypt:2:  layout_misc_corridors, skrybe_necro_troll_2, uniq_josephina,
          uniq_zenata
Crypt:3:  lightli_unholy_cathedral, layout_chaotic_city,
          nicolae_tomb_entry_rubble_hallway, nrook_guardian_serpent_ordinary

Skill      XL: |  1  2  3  4  5  6  7  8  9 10 11 12 13 14 15 16 17 18 |
---------------+-------------------------------------------------------+-----
Fighting       | 2 3 4 5 6 7 8 9 10 12 13 | 13.1
Dodging        | 3 4 5 6 7 8 9 10 11 12 13 | 13.5
Unarmed Combat | 4 7 9 10 13 16 | 16.1
Invocations    | 2 6 |  6.0
Spellcasting   | 2 5 6 8 9 |  9.6
Evocations     | 4 6 |  6.0
Shields        | 2 6 7 10 | 10.5
Summonings     | 4 |  4.4
Earth Magic    | 4 9 12 | 12.5
Transmutations | 4 9 12 | 12.4
Stealth        | |  1.3

Action                     |  1- 3 |  4- 6 |  7- 9 | 10-12 | 13-15 | 16-18 || total
---------------------------+-------+-------+-------+-------+-------+-------++-------
  Melee: Unarmed           |    43 |    53 |   251 |   351 |   773 |   684 ||  2155
         Tentacles         |     7 |    14 |    78 |    98 |   223 |   239 ||   659
         Constrict         |     9 |    15 |    60 |    32 |   104 |   117 ||   337
         Punch             |       |     2 |    11 |    33 |   105 |   120 ||   271
  Throw: Dart              |       |       |       |    27 |     4 |       ||    31
   Cast: Call Canine Famil |       |       |       |       |    13 |       ||    13
         Summon Guardian G |       |       |       |       |     8 |       ||     8
         Statue Form       |       |       |       |       |    12 |    41 ||    53
         Leda's Liquefacti |       |       |       |       |       |     1 ||     1
 Invoke: Slouch            |       |       |       |     5 |    23 |    11 ||    39
         Step From Time    |       |       |       |       |       |     1 ||     1
  Evoke: Wand              |     4 |    15 |    39 |    39 |    14 |     4 ||   115
         Condenser vane    |       |       |       |     1 |     2 |     1 ||     4
         Phantom mirror    |       |       |       |       |       |     1 ||     1
    Use: Potion            |       |     4 |     4 |    13 |     4 |     7 ||    32
         Scroll            |       |       |    10 |     9 |    13 |     1 ||    33
   Stab: Sleeping          |       |     2 |    14 |     6 |     7 |     2 ||    31
         Paralysed         |       |       |     7 |     6 |       |       ||    13
         Invisible         |       |       |     1 |    10 |     5 |    11 ||    27
         Betrayed ally     |       |       |       |     1 |       |       ||     1
         Distracted        |       |       |       |     1 |     5 |       ||     6
         Petrifying        |       |       |       |     1 |       |       ||     1
         Confused          |       |       |       |       |     2 |       ||     2
 Armour: Skin              |     3 |     1 |    21 |    15 |    50 |   139 ||   229
  Dodge: Dodged            |    30 |    30 |   191 |   308 |   798 |   671 ||  2028
  Block: Buckler           |       |       |       |       |   180 |   164 ||   344
         Kite shield       |       |       |       |       |       |   708 ||   708

Table legend: (Time is in decaauts)
 A = Elapsed time spent in this place.
 B = Non-inter-level travel time spent in this place.
 C = Inter-level travel time spent in this place.
 D = Time resting spent in this place.
 E = Time spent auto-exploring this place.
 F = Levels seen in this place.
 G = Mean time per level.
                   A        B        C        D        E       F      G
               +--------+--------+--------+--------+--------+-----+--------+
         Total |  21522 |  20136 |   1386 |    238 |     73 |  29 |  742.1 |
       Dungeon |   8570 |   7857 |    713 |    110 |     73 |  14 |  612.1 |
          Lair |   4675 |   4411 |    264 |      0 |      0 |   5 |  935.0 |
  Orcish Mines |   1824 |   1677 |    147 |      0 |      0 |   2 |  912.0 |
        Vaults |   4020 |   3825 |    195 |      0 |      0 |   3 | 1340.0 |
         Crypt |   1949 |   1884 |     65 |      0 |      0 |   3 |  649.7 |
         Abyss |    482 |    482 |      0 |    128 |      0 |   2 |  241.0 |
               +--------+--------+--------+--------+--------+-----+--------+

Top non-repeatable levels by time:
  Lair:5: 1615 daAuts
Vaults:2: 1449 daAuts
Vaults:1: 1366 daAuts
Vaults:3: 1204 daAuts
    D:12: 1075 daAuts
 Crypt:1: 1062 daAuts
   Orc:2: 972 daAuts
     D:9: 965 daAuts
    D:11: 907 daAuts
   Orc:1: 852 daAuts
  Lair:1: 832 daAuts
  Lair:4: 791 daAuts
  Lair:2: 773 daAuts
 Crypt:2: 728 daAuts
     D:5: 686 daAuts
